Map: Acid Plant LE

Players

liquidthermy (uThermal)

  • Race: Terran Terran
  • League: Master
  • Spawn Location: 5:00

ShoWTimE - Winner!

  • Race: Protoss Protoss
  • Spawn Location: 11:00

Event: HomeStory Cup XVIII

VOD

Have the link to the VOD?

Description

Time

  • Played on: Nov. 22, 2018, 10:30 a.m.
  • Length: 7:36

All games in this series

Show
View Real Time Build Order
Export as new Build Order

liquidthermy Terran 

Build Orders: Reaper Expand 

Get SALT Encoding   

  12  0:01  SCV  
  13  0:13  SCV  
  14  0:16  Supply Depot  
  14  0:25  SCV  
  15  0:38  SCV  
  15  0:40  Barracks  
  16  0:44  Refinery  
  16  0:50  SCV  
  17  1:02  SCV  
  18  1:14  SCV  
  19  1:27  Reaper, Orbital Command  
  20  1:45  Command Center  
  20  1:52  SCV  
  21  1:55  Supply Depot  
  21  1:59  Marine  
  22  2:04  SCV  
  23  2:10  Factory  
  23  2:17  Marine, SCV  
  23  2:21  Refinery  
  25  2:29  SCV  
  26  2:36  Barracks Reactor  
  26  2:41  SCV  
  27  2:53  SCV  
  27  2:56  Starport  
  27  2:58  Orbital Command  
  28  3:01  Factory Tech Lab  
  28  3:05  SCV  
  29  3:12  Marine x2  
  31  3:17  SCV  
  35  3:20  Cyclone  
  35  3:23  SCV  
  35  3:25  Supply Depot  
  36  3:29  SCV  
  36  3:30  Marine x2  
  36  3:33  Viking  
  41  3:35  SCV  
  42  3:41  SCV  
  42  3:43  Barracks  
  42  3:46  Barracks  
  43  3:49  SCV  
  43  3:51  Marine  
  43  3:53  Marine  
  46  3:57  SCV  
  46  4:00  Supply Depot  
  47  4:05  Starport Tech Lab  
  47  4:06  Factory Tech Lab  
  47  4:07  SCV  
  47  4:08  Marine  
  49  4:10  Marine  
  49  4:13  SCV  
  51  4:19  Engineering Bay, SCV  
  51  4:20  Refinery  
  52  4:25  SCV  
  52  4:28  Supply Depot, Marine  
  52  4:30  Starport Reactor  
  52  4:31  SCV  
  55  4:37  SCV  
  55  4:38  Marine  
  57  4:39  Marine, Stimpack  
  57  4:41  Siege Tank  
  57  4:45  Supply Depot, Marine  
  60  4:48  SCV  
  60  4:50  SCV  
  63  4:53  Terran Infantry Weapons Level 1  
  63  4:54  Refinery  
  63  4:58  Bunker  
  63  4:59  Marine  
  64  5:00  SCV  
  64  5:01  Marine  
  64  5:03  SCV  
  64  5:04  Marine  
  68  5:08  Marine  
  68  5:10  Combat Shield  
  68  5:12  SCV  
  70  5:16  Supply Depot  
  70  5:17  Marine  
  70  5:19  Siege Tank  
  70  5:20  Marine  
  75  5:23  Marine, SCV  
  75  5:27  Missile Turret  
  77  5:30  Supply Depot  
  77  5:31  SCV  
  78  5:37  Marine  
  78  5:38  Supply Depot, Marine, SCV  
  78  5:41  Medivac  
  83  5:43  Medivac  
  83  5:48  Missile Turret  
  85  5:52  Siege Tank  
  85  5:55  Marine  
  88  5:57  Supply Depot, Marine x2  
  88  6:04  Marine  
  91  6:11  Medivac  
  91  6:13  Marine, Medivac  
  91  6:15  Marine x2  
  98  6:19  Supply Depot  
  98  6:21  Marine  
  98  6:24  Siege Tank  
  102  6:31  Marine  
  102  6:32  Concussive Shells  
  103  6:33  Marine  
  103  6:36  Marine, SCV  
  103  6:39  Marine  
  106  6:40  Command Center  
  101  6:48  Marine  
  101  6:51  SCV  
  102  6:54  Marine  
  102  6:56  SCV  
  102  6:58  Barracks  
  102  7:00  Barracks  
  103  7:05  SCV  
  106  7:09  Marine  
  106  7:10  Marauder  
  106  7:14  Marine  
  106  7:15  Marauder  
  91  7:23  SCV  
Show
View Real Time Build Order
Export as new Build Order

ShoWTimE Protoss - Winner!

Build Orders: 1 Gate Expand, Oracle Opening 

Get SALT Encoding   

  12  0:00  Probe  
  13  0:12  Probe  
  14  0:17  Pylon  
  14  0:24  Probe  
  15  0:32  Probe  
  15  0:38  Gateway  
  15  0:40  Probe  
  16  0:49  Assimilator  
  17  0:51  Probe  
  18  1:03  Probe  
  19  1:15  Probe  
  20  1:24  Nexus  
  20  1:34  Cybernetics Core  
  20  1:39  Probe  
  21  1:46  Assimilator  
  21  1:51  Probe  
  22  1:55  Pylon  
  22  2:03  Probe  
  22  2:04  Adept  
  23  2:15  Probe  
  26  2:17  Stargate  
  26  2:22  Adept  
  26  2:26  Warp Gate  
  26  2:27  Probe  
  27  2:32  Probe  
  30  2:39  Probe  
  30  2:40  Probe  
  31  2:50  Probe  
  31  2:51  Adept, Probe  
  32  2:54  Oracle  
  36  3:02  Probe  
  36  3:03  Probe  
  41  3:08  Pylon  
  41  3:14  Probe  
  41  3:15  Probe  
  43  3:23  Oracle  
  43  3:26  Probe  
  44  3:27  Probe  
  44  3:32  Gateway  
  48  3:36  Gateway  
  48  3:40  Probe x2  
  50  3:44  Pylon  
  50  3:47  Assimilator  
  50  3:52  Probe x2  
  52  4:01  Oracle  
  55  4:04  Probe x2  
  55  4:07  Pylon  
  57  4:18  Nexus  
  57  4:23  Probe x2  
  59  4:26  Assimilator  
  59  4:32  Sentry  
  59  4:35  Probe x2  
  59  4:36  Forge  
  59  4:37  Twilight Council  
  63  4:41  Protoss Ground Weapons Level 1  
  63  4:47  Probe x2  
  63  4:48  Pylon, Blink  
  65  4:58  Gateway  
  65  4:59  Probe  
  66  5:00  Probe  
  66  5:01  Gateway  
  66  5:03  Gateway  
  67  5:13  Sentry  
  69  5:16  Pylon, Probe  
  69  5:17  Probe  
  69  5:19  Sentry  
  73  5:31  Gateway  
  73  5:32  Probe  
  73  5:33  Probe x2  
  76  5:35  Gateway  
  76  5:45  Probe x3  
  76  5:48  Stalker x2  
  83  5:57  Probe x3  
  84  6:04  Stalker x4  
  90  6:10  Pylon  
  94  6:16  Stalker x2  
  98  6:22  Pylon  
  98  6:25  Pylon  
  98  6:28  Zealot x3  
  104  6:35  Zealot x2  
  104  6:39  Pylon  
  106  6:49  Stalker x2  
  106  6:50  Stalker x2  
  106  6:52  Stalker x2  
  106  7:05  Zealot x2  
  108  7:17  Stalker x3  
  108  7:18  Stalker x3  
  108  7:19  Probe x3  
  116  7:27  Zealot x2  
Tags
 
Add a new tag
Caveats
  • Supply blocks, unpowered buildings, or Contaminate may cause inaccurate times.
  • Supply counts are checked every 10 seconds.